 Dungeon Crawl Stone Soup version 0.22-a0-515-g75794bf (webtiles) character file.

43 Laiders72 the Shield-Bearer (level 3, -1/29 HPs)
             Began as a Formicid Fighter on June 19, 2018.
             Succumbed to Terence's poison
             ... on level 2 of the Dungeon.
             The game lasted 00:01:46 (1141 turns).

Laiders72 the Shield-Bearer (Formicid Fighter)      Turns: 1141, Time: 00:01:47

Health: -1/29      AC:  6    Str: 21    XL:     3   Next: 82%
Magic:  3/3        EV:  8    Int:  7    God:
Gold:   35         SH:  9    Dex: 10    Spells: 2/2 levels left

rFire    . . .     SeeInvis +   a - +0 flail
rCold    . . .     Gourm    .   c - +0 shield
rNeg     . . .     Faith    .   b - +0 scale mail
rPois    .         Spirit   .   (helmet unavailable)
rElec    .         Reflect  .   (no cloak)
rCorr    .         Harm     .   (no gloves)
MR       .....                  (no boots)
Stlth    ..........             (no amulet)
HPRegen  0.09/turn              (no ring)
MPRegen  0.08/turn              (no ring)

@: lethally poisoned (-1 -> -16)
A: permanent stasis, dig shafts and tunnels, four strong arms, antennae 3
a: Dig, Shaft Self


You were on level 2 of the Dungeon.
You were hungry.

You visited 1 branch of the dungeon, and saw 2 of its levels.

You collected 35 gold pieces.

Inventory:

Hand Weapons
 a - a +0 flail (weapon)
Armour
 b - a +0 scale mail (worn)
 c - a +0 shield (worn)
Scrolls
 e - a scroll of blinking {unknown}
 g - a scroll of noise {unknown}
 h - a scroll of enchant weapon {unknown}
 i - a scroll of teleportation {unknown}
Comestibles
 f - 4 rations


   Skills:
 - Level 3.3 Fighting
 + Level 3.0 Maces & Flails
 - Level 3.3 Armour
 + Level 4.5 Shields


You had 2 spell levels left.
You didn't know any spells.
Your spell library was empty.

Dungeon Overview and Level Annotations

Branches:
Dungeon (2/15)

Altars:

Annotations:
D:2 Terence


Innate Abilities, Weirdness & Mutations

You cannot be hasted, slowed, berserked, paralysed or teleported.
You can dig through walls and to a lower floor.
Your four strong arms can wield two-handed weapons with a shield.
You have a pair of large antennae on your head. (SInv)


Message History

You aren't carrying any potions.
You feel sick.
There is an open door here.
* * * LOW HITPOINT WARNING * * *
You feel sick.
* * * LOW HITPOINT WARNING * * *
You feel sick.
* * * LOW HITPOINT WARNING * * *
You feel sick.
* * * LOW HITPOINT WARNING * * *
You feel sick.
There is an open door here.
* * * LOW HITPOINT WARNING * * *
You feel sick.
Terence bares his teeth.
* * * LOW HITPOINT WARNING * * *
You feel sick.
* * * LOW HITPOINT WARNING * * *
You feel sick.
You die...

#.....# ###'#+#####
#..........
#.....##### {
#.......... {
###'##<#### #@##.#
##.####.##.####..#
........@.........
###.#######.####..#
... #............##
###..#.............
......รท...#........
......<##.######.##
.##.... #.# ####.###
#.....##.###.......
.....).........#.#


You could see Terence.

Vanquished Creatures
  A gnoll (D:1)
  An adder (D:2)
  A leopard gecko (D:1)
  A giant cockroach (D:1)
  3 goblins
  3 hobgoblins (D:1)
  3 bats (D:1)
  3 frilled lizards (D:2)
  7 kobolds (D:1)
  A rat (D:2)
24 creatures vanquished.

Notes
Turn   | Place    | Note
-------+----------+-------------------------------------------
     0 | D:1      | Laiders72 the Formicid Fighter began the quest for the Orb.
     0 | D:1      | Reached XP level 1. HP: 18/18 MP: 1/1
   190 | D:1      | Reached XP level 2. HP: 19/24 MP: 2/2
   201 | D:1      | Reached skill level 4 in Shields
   496 | D:1      | Reached XP level 3. HP: 29/29 MP: 3/3
  1122 | D:2      | Noticed Terence
  1140 | D:2      | HP: 1/29 [poisoned by Terence]
  1141 | D:2      | Succumbed to Terence's poison

Vault maps used:
D:1:      giann_bridges
D:2:      nicolae_gozag_seed_capital, dk_xom_monty_hall, uniq_terence,
          uniq_jessica, uniq_robin

Skill      XL: |  1  2  3 |
---------------+----------+-----
Shields        | 4 |  4.5
Maces & Flails | 3 |  3.0
Fighting       | |  3.3
Armour         | |  3.3

Action                   || total
-------------------------++-------
Melee: Flail             ||   101
  Use: Potion            ||     1
Armor: Scale mail        ||    38
Dodge: Dodged            ||    34
Block: Shield            ||    73

Table legend:
 A = Spawn XP
 B = Non-spawn XP
 C = Spawn XP percentage of total XP
 D = Spawn monster count
 E = Non-spawn monster count
 F = Spawn count percentage of total count
 G = Total turns spent on level
                    A         B        C        D         E        F      G
               +---------+---------+-------+---------+---------+-------+---------
         Total |       0 |      62 |   0.0 |       0 |      24 |   0.0 |  1141
               +---------+---------+-------+---------+---------+-------+---------
           D:1 |       0 |      43 |   0.0 |       0 |      18 |   0.0 |   801
           D:2 |       0 |      19 |   0.0 |       0 |       6 |   0.0 |   340
               +---------+---------+-------+---------+---------+-------+---------
